 Dungeon Crawl Stone Soup version 0.28-a0-537-g3bccd9ccbf (webtiles) character file.

Game seed: 12616642800088063210

2125 Spaninq the Carver (level 9, -7/72 HPs)
             Began as a Barachi Fighter on Sept 27, 2021.
             Was a Believer of Cheibriados.
             Killed from afar by an electric eel (13 damage)
             ... with a bolt of electricity
             ... on level 6 of the Dungeon.
             The game lasted 00:17:18 (6471 turns).

Spaninq the Carver (Barachi Fighter)                Turns: 6471, Time: 00:17:18

Health: -7/72      AC: 12    Str: 26    XL:     9   Next: 29%
Magic:  11/11      EV: 10    Int: 16    God:    Cheibriados [**....]
Gold:   108        SH:  8    Dex: 17    Spells: 8/8 levels left

rFire   . . .      SeeInvis .   a - +0 long sword (elec)
rCold   . . .      Faith    .   g - +2 buckler
rNeg    . . .      Spirit   .   b - +0 scale mail
rPois   .          Reflect  .   p - +0 helmet
rElec   .          Harm     .   (no cloak)
rCorr   .          Rampage  .   h - +0 pair of gloves
Will    ++...                   v - +1 pair of boots
Stlth   ..........              (no amulet)
HPRegen 0.22/turn               c - ring of willpower
MPRegen 0.12/turn               m - ring of willpower

@: very slow
A: amphibious, slowness 1, strong legs 1, +LOS
a: Hop, Renounce Religion, Bend Time


You were on level 6 of the Dungeon.
You worshipped Cheibriados.
Cheibriados was pleased with you.
You visited 1 branch of the dungeon, and saw 6 of its levels.

You collected 281 gold pieces.
You spent 173 gold pieces at shops.

Inventory:

Hand Weapons
 a - a +0 long sword of electrocution (weapon)
Missiles
 j - a throwing net
Armour
 b - a +0 scale mail (worn)
 g - a +2 buckler (worn)
 h - a +0 pair of gloves (worn)
 p - a +0 helmet (worn)
 v - a +1 pair of boots (worn)
Jewellery
 c - a ring of willpower (left hand)
 m - a ring of willpower (right hand)
Scrolls
 i - a scroll of acquirement
 n - 2 scrolls of teleportation
Potions
 d - 2 potions of might
 f - a potion of magic {unknown}
 k - a potion of brilliance {unknown}
 l - a potion of berserk rage
 o - 2 potions of haste {unknown}
 s - a potion of degeneration {unknown}


   Skills:
 + Level 7.0 Fighting
 * Level 8.7 Long Blades
 + Level 7.0 Armour
 + Level 6.4 Shields
 + Level 3.7 Invocations


You had 8 spell levels left.
You didn't know any spells.
Your spell library contained the following spells:

 Spells                   Type           Power      Damage    Failure   Level
 Animate Skeleton         Necr           0%         N/A       47%         1
 Apportation              Tloc           0%         N/A       47%         1
 Foxfire                  Conj/Fire      0%         2x1d4     47%         1
 Summon Small Mammal      Summ           0%         N/A       47%         1
 Conjure Flame            Conj/Fire      0%         6-21      85%         3
 Inner Flame              Hex/Fire       0%         N/A       85%         3
 Flame Wave               Conj/Fire      0%         3d3       99%         4


Dungeon Overview and Level Annotations

Branches:
Dungeon (6/15)
 Temple: D:4-7

Altars:
Cheibriados
Dithmenos
Makhleb
Nemelex Xobeh
Okawaru
Ru

Shops:
D:1 (   D:5 [

Annotations:
D:4 2 transporters, AttackTheMoon's ghost, amateur OpTm


Innate Abilities, Weirdness & Mutations

You are amphibious.
You cover ground slowly.
You can hop short distances.
You have an extended range of vision and can be seen from far away.


Message History

Cheibriados thoroughly appreciates the change of pace.
You start resting.
A dart slug comes into view.
You start resting.
A dart slug is nearby!
Items here: ( )) [[.
You slash the dart slug!
You kill the dart slug!
Cheibriados appreciates the change of pace.
Your Armour skill increases to level 7!
You start resting.
HP restored.
Items here: ))) [[ ÷.
Things that are here:
a +0 hand axe; 25 stones
Found a stone staircase leading up.
Found a dagger.
A dart slug comes into view.
An electric eel comes into view.
The electric eel shoots out a bolt of lightning at you!
The bolt of electricity hits you!
You aren't carrying any items that you can evoke.
Unknown command.
An electric eel comes into view.
Found 16 gold pieces and a pitted scale mail.
The electric eel shoots out a bolt of lightning at you!
The bolt of electricity hits you!
The electric eel shoots out a bolt of lightning at you!
The bolt of electricity hits you!
The electric eel shoots out a bolt of lightning at you!
The bolt of electricity hits you! x2
You barely miss the electric eel.
The electric eel shoots out a bolt of lightning at you!
The bolt of electricity hits you!
* * * LOW HITPOINT WARNING * * *
The electric eel shoots out a bolt of lightning at you!
The bolt of electricity hits you!
* * * LOW HITPOINT WARNING * * *
The electric eel shoots out a bolt of lightning at you!
The bolt of electricity hits you!
You die...

.#.................
..##.........###..
..##.........# #..
..##.........# #..
#.##.........# ##)
#.#####.###### ###
#.# #.# #..
##.#####.########..
#.@......#.........
#.###.####.........
#≈.;≈#..# #.......).
≈≈≈≈≈≈#.####.........
##≈≈#≈#w≈≈
#.......... ≈≈$ #≈≈≈≈
#.......... ≈≈;[
≈≈≈≈≈.####.[..)#
≈≈#≈. ≈≈≈≈≈≈# #.###)#
≈≈≈≈≈≈ ≈≈≈≈≈≈≈≈ #.#
#.#


You could see an electric eel.

Vanquished Creatures
  Pikel (D:5)
  Sigmund (D:3)
  A hornet zombie (D:6)
  A necrophage (D:5)
  An ogre (D:4)
  A centaur (D:6)
  A phantom (D:6)
  A kobold brigand (D:4)
  A lemure (D:4)
  3 scorpions
  A howler monkey (D:6)
  A bullfrog zombie (D:5)
  A centaur zombie (D:5)
  2 jellies
  A bullfrog skeleton (D:5)
  4 gnoll shamans (D:6)
  An orc priest (D:4)
  2 iguanas (D:5)
  Terence (D:2)
  A scorpion zombie (D:5)
  3 orc wizards
  19 gnolls
  3 adders
  9 dart slugs
  13 orcs
  5 endoplasms
  A giant cockroach (D:4)
  6 goblins
  6 hobgoblins
  7 jackals
  12 kobolds
  2 quokkas
  12 ball pythons
  5 bats
  3 frilled lizards (D:1)
  6 rats
139 creatures vanquished.

Vanquished Creatures (others)
  6 plants (D:4)
6 creatures vanquished.

Grand Total: 145 creatures vanquished

Notes
Turn   | Place    | Note
-------+----------+-------------------------------------------
     0 | D:1      | Spaninq the Barachi Fighter began the quest for the Orb.
     0 | D:1      | Reached XP level 1. HP: 18/18 MP: 1/1
   164 | D:1      | Found a faded altar of an unknown god.
   175 | D:1      | Reached XP level 2. HP: 25/25 MP: 2/2
   473 | D:1      | Reached XP level 3. HP: 24/30 MP: 3/3
   666 | D:1      | Reached skill level 3 in Long Blades
   666 | D:1      | Found Tienlun's Antique Weapon Shop.
  1449 | D:2      | Reached XP level 4. HP: 32/37 MP: 4/4
  1526 | D:2      | Noticed Terence
  1533 | D:2      | Killed Terence
  1926 | D:3      | Reached skill level 4 in Long Blades
  1926 | D:3      | Reached XP level 5. HP: 18/43 MP: 5/5
  2214 | D:3      | Found a snail-covered altar of Cheibriados.
  2219 | D:3      | Became a worshipper of Cheibriados the Contemplative
  2593 | D:3      | Noticed Sigmund
  2682 | D:3      | Killed Sigmund
  2683 | D:3      | Reached skill level 5 in Long Blades
  2683 | D:3      | Reached skill level 1 in Invocations
  2683 | D:3      | Reached XP level 6. HP: 15/50 MP: 6/6
  2986 | D:4      | Reached skill level 5 in Fighting
  2996 | D:4      | Reached skill level 5 in Armour
  3197 | D:4      | Found a burning altar of Makhleb.
  3231 | D:4      | Reached XP level 7. HP: 55/56 MP: 8/8
  3538 | D:4      | Found a transporter.
  3544 | D:4      | Noticed AttackTheMoon's ghost (amateur OpTm)
  3550 | D:4      | Found a transporter.
  3565 | D:4      | Identified the +4 spear of Spores {venom, *Slow Str+5
                  | Int+6}
  3675 | D:4      | Found a sparkling altar of Nemelex Xobeh.
  3675 | D:4      | Found a faded altar of an unknown god.
  3706 | D:4      | Reached skill level 5 in Shields
  3846 | D:4      | Found a faded altar of an unknown god.
  3848 | D:4      | Found a sacrificial altar of Ru.
  3850 | D:4      | Found a shadowy altar of Dithmenos.
  3949 | D:4      | Reached * piety under Cheibriados
  4198 | D:5      | Entered Level 5 of the Dungeon
  4304 | D:1      | Bought a runed long sword for 110 gold pieces
  4408 | D:5      | Identified a scroll of acquirement
  4465 | D:5      | Reached skill level 6 in Long Blades
  4472 | D:5      | Noticed Pikel
  4890 | D:5      | Reached XP level 8. HP: 64/64 MP: 9/9
  4951 | D:5      | Killed Pikel
  4952 | D:5      | Reached skill level 7 in Long Blades
  5365 | D:5      | Found Leed's Armour Emporium.
  5374 | D:5      | Bought a +0 pair of gloves for 63 gold pieces
  5610 | D:6      | Reached ** piety under Cheibriados
  5637 | D:6      | Reached skill level 8 in Long Blades
  5888 | D:6      | Found an iron altar of Okawaru.
  5927 | D:6      | Reached XP level 9. HP: 71/71 MP: 11/11
  6471 | D:6      | Killed from afar by an electric eel

Illustrated notes

Levels and vault maps discovered:
D:1:      saegor_arrival_simple_a, layout_rooms,
          dreamdust_ecumenical_altar_angels_and_demons, serial_shops,
          shop_statue
D:2:      layout_loops_cross, uniq_terence
D:3:      layout_basic, mainiacjoe_overflow_brackets, uniq_sigmund
D:4:      layout_loops_ring, mainiacjoe_overflow_24_doors,
          chequers_temple_overflow_minitemple, gammafunk_ghost_gnarly_gnolls,
          hangedman_decor_opposing, dk_noncrumbling_4
D:5:      layout_rooms, serial_shops, nicolae_shop_behind_doors, uniq_pikel
D:6:      kennysheep_slugbush, layout_basic, okawaru_ov_weapons_minmay,
          minmay_temple_entry_mini_moons, uniq_crazy_yiuf_cottage

Skill      XL: |  1  2  3  4  5  6  7  8  9 |
---------------+----------------------------+-----
Long Blades    | 3 4 5 6 8 |  8.7
Fighting       | 4 5 6 7 |  7.0
Armour         | 4 5 6 7 |  7.0
Shields        | 4 5 6 |  6.4
Invocations    | 1 2 3 |  3.7

Action                   |  1- 3 |  4- 6 |  7- 9 || total
-------------------------+-------+-------+-------++-------
Melee: Long sword        |    89 |       |   205 ||   294
       Short sword       |    14 |    90 |    41 ||   145
Invok: Bend Time         |       |       |     2 ||     2
 Abil: Hop               |     2 |     2 |     4 ||     8
  Use: Scroll            |       |       |    13 ||    13
       Potion            |       |       |     1 ||     1
Armor: Scale mail        |    48 |    20 |    84 ||   152
       Skin              |       |       |     8 ||     8
Dodge: Dodged            |    50 |    25 |   103 ||   178
Block: Buckler           |    29 |    26 |    82 ||   137

Table legend: (Time is in decaauts)
 A = Elapsed time spent in this place.
 B = Non-inter-level travel time spent in this place.
 C = Inter-level travel time spent in this place.
 D = Time resting spent in this place.
 E = Time spent auto-exploring this place.
 F = Levels seen in this place.
 G = Mean time per level.
                   A        B        C        D        E       F      G
               +--------+--------+--------+--------+--------+-----+--------+
         Total |   7940 |   7256 |    684 |   1489 |   4309 |   6 | 1323.3 |
       Dungeon |   7940 |   7256 |    684 |   1489 |   4309 |   6 | 1323.3 |
               +--------+--------+--------+--------+--------+-----+--------+

Top non-repeatable levels by time:
     D:4: 2070 daAuts
     D:3: 1377 daAuts
     D:1: 1233 daAuts
     D:5: 1097 daAuts
     D:2: 1083 daAuts
     D:6: 1078 daAuts
